 Dungeon Crawl Stone Soup version 0.27.0-1-g7a089689b8 (webtiles) character file.

Game seed: 16937610978429509899

571 horus123 the Destroyer (level 7, -7/36 HPs)
             Began as a Deep Elf Conjurer on Aug 8, 2021.
             Mangled by an orc warrior (17 damage)
             ... on level 4 of the Dungeon.
             The game lasted 00:10:01 (3987 turns).

horus123 the Destroyer (Deep Elf Conjurer)          Turns: 3987, Time: 00:10:02

Health: -7/36      AC:  3    Str:  4    XL:     7   Next: 12%
Magic:  0/16       EV: 16    Int: 25    God:
Gold:   56         SH:  5    Dex: 13    Spells: 1/16 levels left

rFire    . . .     SeeInvis .   (no weapon)
rCold    + . .     Faith    .   (no shield)
rNeg     . . .     Spirit   .   a - +1 robe
rPois    .         Reflect  +   (no helmet)
rElec    .         Harm     .   (no cloak)
rCorr    .         Rampage  .   (no gloves)
Will     .....                  (no boots)
Stlth    ++........             n - amulet of reflection
HPRegen  0.12/turn              j - +4 ring of evasion
MPRegen  0.15/turn              m - ring of protection from cold

@: no status effects
A: no striking features
a: no special abilities


You were on level 4 of the Dungeon.
You visited 1 branch of the dungeon, and saw 4 of its levels.

You collected 106 gold pieces.
You spent 50 gold pieces at shops.

Inventory:

Missiles
 d - a throwing net
Armour
 a - a +1 robe (worn)
Jewellery
 j - a +4 ring of evasion (left hand)
 m - a ring of protection from cold (right hand)
 n - an amulet of reflection (around neck)
Scrolls
 l - a scroll of amnesia
Potions
 c - 2 potions of flight
 e - a potion of might {unknown}
 f - a potion of mutation {unknown}
 h - 2 potions of degeneration
 i - 2 potions of curing
 o - a potion of heal wounds


   Skills:
 + Level 0.2 Fighting
 + Level 2.7 Dodging
 + Level 3.9 Stealth
 + Level 5.1 Spellcasting
 * Level 8.0 Conjurations
 * Level 2.2 Hexes


You had one spell level left.
You knew the following spells:

 Your Spells              Type           Power      Damage    Failure   Level
a - Magic Dart            Conj           100%       1d8       1%          1
b - Searing Ray           Conj           92%        3d6       1%          2
c - Dazzling Flash        Conj/Hex       64%        N/A       3%          3
d - Fulminant Prism       Conj/Hex       16%        3d11      10%         4
e - Passwall              Tmut/Erth      5%         N/A       12%         2
f - Mephitic Cloud        Conj/Pois/Air  19%        N/A       9%          3

Your spell library contained the following spells:

 Spells                   Type           Power      Damage    Failure   Level
 Iskenderun's Mystic Bla  Conj/Tloc      26%        2d7       16%         4
 Yara's Violent Unravell  Hex/Tmut       5%         3d4       82%         5


Dungeon Overview and Level Annotations

Branches:
Dungeon (4/15)
 Temple: D:4-7

Altars:
Wu Jian

Shops:
D:3 !=(


Message History

The orc warrior is heavily wounded.
Casting: Fulminant Prism (quite dangerous; 10% risk of failure)
Confirm with . or Enter, or press ? or * to list all spells.
Aiming: Searing Ray (safe; 1% risk of failure)
Press: ? - help, Shift-Dir - straight line, f - orc warrior
Aim: an orc warrior, wielding a +0 dire flail and wearing a +0 plate armour (heavily wounded, 82% to hit)
The searing ray hits the orc warrior.
The orc warrior is heavily wounded. (Press . to maintain the ray.)
The orc throws a stone.
You reflect the stone off an invisible shield around you!
The stone hits the orc.
The searing ray hits the orc warrior.
The orc warrior is severely wounded.
The orc throws a stone.
You reflect the stone off an invisible shield around you!
The stone barely misses the orc.
The orc throws a stone.
The stone misses you.
The orc throws a stone.
The stone misses you.
The orc throws a stone.
The stone hits you.
The orc warrior hits you with a +0 dire flail!
* * * LOW HITPOINT WARNING * * *
The orc throws a stone.
The stone misses you.
The orc throws a stone.
The stone hits you but does no damage.
The orc throws a stone.
The stone hits you but does no damage.
The orc throws a stone.
The stone barely misses you.
Casting: Searing Ray (safe; 1% risk of failure)
Confirm with . or Enter, or press ? or * to list all spells.
Aiming: Searing Ray (safe; 1% risk of failure)
Press: ? - help, Shift-Dir - straight line, f/p - orc warrior
Aim: an orc warrior, wielding a +0 dire flail and wearing a +0 plate armour (severely wounded, 82% to hit)
The searing ray hits the orc warrior.
The orc warrior is almost dead. (Press . to maintain the ray.)
The orc warrior barely misses you.
The searing ray hits the orc warrior but does no damage.
The orc warrior is almost dead.
The orc throws a stone.
The stone misses you.
The orc warrior hits you with a +0 dire flail!
You die...

....................#..>.
#...###...##.######.....S
###...###..)##.####..#.....
..'.......o..#........ ....
#.......)..#.......# .#.
#.......)..#........ #
#..........#........
#........).#........
#......o@..#........
#..##########...####.
####..##..###...### #
#.......÷.......# .
#...............#
#...............#
#.......##......#######
#.......##########....##
##..÷...'...............


You could see an orc warrior and an orc.

Vanquished Creatures
  2 black bears (D:4)
  An ogre (D:4)
  A hound (D:4)
  A jelly (D:4)
  An iguana (D:4)
  An orc wizard (D:4)
  5 adders
  6 gnolls (D:3)
  An adder skeleton (D:4)
  2 worms
  8 orcs (D:4)
  6 bats
  12 endoplasms
  7 hobgoblins
  2 jackals (D:4)
  3 kobolds
  A quokka (D:1)
  9 ball pythons
  3 frilled lizards
  8 goblins
  7 rats
87 creatures vanquished.

Vanquished Creatures (others)
  6 fulminant prisms (D:4)
6 creatures vanquished.

Grand Total: 93 creatures vanquished

Notes
Turn   | Place    | Note
-------+----------+-------------------------------------------
     0 | D:1      | horus123 the Deep Elf Conjurer began the quest for the Orb.
     0 | D:1      | Reached XP level 1. HP: 10/10 MP: 6/6
   256 | D:1      | Reached XP level 2. HP: 15/15 MP: 6/8
   394 | D:1      | Learned a level 2 spell: Searing Ray
   411 | D:1      | Reached skill level 5 in Conjurations
  1048 | D:2      | Reached XP level 3. HP: 19/19 MP: 1/9
  1062 | D:2      | Learned a level 3 spell: Dazzling Flash
  1397 | D:2      | Reached XP level 4. HP: 24/24 MP: 1/10
  1659 | D:2      | Reached skill level 6 in Conjurations
  2495 | D:3      | Found an ornate altar of the Wu Jian Council.
  2501 | D:3      | Reached XP level 5. HP: 23/28 MP: 5/11
  2716 | D:3      | Found Emoexuckoe's Distillery.
  2726 | D:3      | Bought a potion of heal wounds for 50 gold pieces
  2929 | D:3      | Found Sefivoishre's Antique Weapon Shop.
  3198 | D:3      | Found Esemeilune's Jewellery Emporium.
  3309 | D:4      | Noticed a black bear
  3313 | D:4      | Noticed a black bear
  3317 | D:4      | Got the Compendium of Venomous Transmutation
  3324 | D:4      | Killed a black bear
  3325 | D:4      | Reached skill level 7 in Conjurations
  3325 | D:4      | Reached skill level 1 in Hexes
  3355 | D:4      | Noticed an ogre
  3386 | D:4      | Reached XP level 6. HP: 12/32 MP: 1/14
  3626 | D:4      | Learned a level 4 spell: Fulminant Prism
  3782 | D:4      | Learned a level 2 spell: Passwall
  3801 | D:4      | Reached skill level 5 in Spellcasting
  3801 | D:4      | Reached XP level 7. HP: 35/36 MP: 2/16
  3902 | D:4      | Learned a level 3 spell: Mephitic Cloud
  3963 | D:4      | Reached skill level 8 in Conjurations
  3987 | D:4      | Mangled by an orc warrior

Illustrated notes

Levels and vault maps discovered:
D:1:      grunt_arrival_lava_bath, layout_basic, serial_bayou_pond_e,
          minmay_misc_feat_x, hangedman_feature_mirror, minmay_surrounded
D:2:      layout_loops_ring
D:3:      layout_loops_ring, nicolae_wu_jian_wuxing_cycle, serial_shops, shop,
          nicolae_shop_behind_doors, nicolae_shop_trees
D:4:      layout_gridville, st_stairs_4, guppyfry_early_orc_mine

Skill      XL: |  1  2  3  4  5  6  7 |
---------------+----------------------+-----
Conjurations   | 5 6 7 8 |  8.0
Stealth        | 3 |  3.9
Hexes          | 1 2 |  2.2
Spellcasting   | 4 5 |  5.1
Fighting       | |  0.2
Dodging        | |  2.7

Action                   |  1- 3 |  4- 6 |  7- 9 || total
-------------------------+-------+-------+-------++-------
 Cast: Magic Dart        |    62 |    59 |     3 ||   124
       Searing Ray       |     1 |    11 |     2 ||    14
       Dazzling Flash    |       |     1 |       ||     1
       Fulminant Prism   |       |     2 |     4 ||     6
  Use: Scroll            |     3 |       |     6 ||     9
Armor: Robe              |     1 |       |     2 ||     3
Dodge: Dodged            |     1 |    12 |     6 ||    19
Block: Other             |       |     1 |     3 ||     4
       Reflection        |       |       |     2 ||     2
